 Dungeon Crawl Stone Soup version 0.30-a0-916-g9813417 (webtiles) character file.

Game seed: 11127511515845740607

191959 Meepo69 the Unseen (level 17, -5/111 HPs)
             Began as a Vampire Brigand on Apr 20, 2023.
             Was a High Priest of Wu Jian.
             Slain by a deep elf blademaster
             ... wielding a +0 rapier
              (12 damage)
             ... on level 3 of the Elven Halls.
             The game lasted 04:00:50 (27710 turns).

Meepo69 the Unseen (Vampire Brigand)               Turns: 27710, Time: 04:00:51

Health: -5/111     AC: 19    Str: 10    XL:     17   Next: 59%
Magic:  23/23      EV: 42    Int: 15    God:    Wu Jian [*****.]
Gold:   2826       SH:  0    Dex: 28    Spells: 20/24 levels left

rFire   + . .      SeeInvis +    u - +7 rapier (venom)
rCold   + + +      Faith    .    (no shield)
rNeg    + + +      Spirit   .    p - +6 acid dragon scales
rPois   ∞          Reflect  .    r - +0 helmet
rElec   .          Rampage  .    D - scarf {+Inv}
rCorr   +                        o - +0 pair of gloves
Will    +....                    X - +0 pair of boots of Insecurity {rF+ rC+}
Stlth   ++++                     W - amulet of the acrobat
HPRegen 0.00/turn                J - +6 ring of dexterity
MPRegen 0.18/turn                a - +4 ring of protection

@: mighty, exhausted, in a heavenly storm, bloodless, inhibited regen, glowing
A: bloodless, fangs 3, see invisible, vampiric 2
}: 1/15 runes: abyssal
a: Bat Form, Revivify, Renounce Religion, Evoke Invisibility, Wall Jump,
Serpent's Lash, Heavenly Storm


You were on level 3 of the Elven Halls.
You worshipped Wu Jian.
Wu Jian was extremely pleased with you.
You visited 4 branches of the dungeon, and saw 25 of its levels.
You visited the Abyss 1 time.
You also visited: Gauntlet and Volcano.

You collected 3435 gold pieces.
You spent 609 gold pieces at shops.

Inventory:

Hand Weapons
 u - a +7 rapier of venom (weapon)
Missiles
 d - 12 poisoned darts
 e - 3 curare-tipped darts
 g - 23 boomerangs (quivered)
 q - 2 silver boomerangs
 K - 10 javelins
 R - 3 throwing nets
 Y - 5 datura-tipped darts
Armour
 o - a +0 pair of gloves (worn)
 p - +6 acid dragon scales (worn)
 r - a +0 helmet (worn)
 x - the +3 pair of boots of Circular Logic {*Corrode rC+ Will+ Str+2}
   (You found it in a Gauntlet)

   Str:       It affects your strength (+2).
   rC:        It protects you from cold.
   *Corrode:  It may corrode you when you take damage.
   Will:      It increases your willpower.
 D - a scarf of invisibility (worn)
 X - the +0 pair of boots of Insecurity (worn) {rF+ rC+}
   (You found it in a Gauntlet)

   rF:        It protects you from fire.
   rC:        It protects you from cold.
Jewellery
 a - a +4 ring of protection (right hand)
 F - a ring of willpower
 J - a +6 ring of dexterity (left hand)
 L - a ring of protection from fire
 W - an amulet of the acrobat (around neck)
Wands
 b - a wand of light (15)
 m - a wand of mindburst (37)
 y - a wand of flame (21)
 M - a wand of charming (11)
 O - a wand of polymorph (9)
 T - a wand of iceblast (9)
Scrolls
 f - 2 scrolls of immolation
 j - a scroll of amnesia
 s - 10 scrolls of teleportation
 t - a scroll of silence
 v - a scroll of poison
 w - 3 scrolls of magic mapping
 C - 5 scrolls of fog
 E - a scroll of blinking
 H - a scroll of summoning {unknown}
 N - 4 scrolls of fear
 U - a scroll of vulnerability
Potions
 c - a potion of ambrosia {unknown}
 h - 3 potions of flight
 k - 11 potions of curing
 l - 3 potions of invisibility
 n - 7 potions of lignification
 z - 4 potions of brilliance
 A - 7 potions of attraction
 B - a potion of magic {unknown}
 G - a potion of mutation
 I - 5 potions of heal wounds
 P - 2 potions of might
 Q - 2 potions of cancellation
 S - a potion of resistance {unknown}
 V - 2 potions of haste
Miscellaneous
 i - a condenser vane
 Z - a lightning rod (4/4)


   Skills:
 + Level 14.2 Fighting
 + Level 16.7 Short Blades
 - Level 1.5 Throwing
 + Level 16.7 Dodging
 + Level 20.9 Stealth
 - Level 4.4 Spellcasting
 - Level 4.0 Translocations
 - Level 4.0 Transmutations
 - Level 3.6 Earth Magic
 - Level 10.5 Evocations


You had 20 spell levels left.
You knew the following spells:

 Your Spells              Type           Power      Damage    Failure   Level
a - Blink                 Tloc           30%        N/A       8%          2
b - Passwall              Tmut/Erth      11%        N/A       9%          2

Your spell library contained the following spells:

 Spells                   Type           Power      Damage    Failure   Level
 Sandblast                Erth           28%        2d8       6%          1
 Lesser Beckoning         Tloc           30%        N/A       8%          2
 Sting                    Tmut/Pois      36%        1d4       12%         1
 Momentum Strike          Conj/Tloc      18%        3d8       19%         2
 Magic Dart               Conj           12%        1d3       28%         1
 Shock                    Conj/Air       12%        1d3       28%         1
 Portal Projectile        Hex/Tloc       18%        N/A       36%         3
 Stone Arrow              Conj/Erth      16%        3d8       36%         3
 Call Imp                 Summ           3%         N/A       38%         2
 Poisonous Vapours        Pois/Air       6%         N/A       38%         2
 Scorch                   Fire           6%         2d5       38%         2
 Searing Ray              Conj           6%         2d4       38%         2
 Passage of Golubria      Tloc           15%        N/A       45%         4
 Call Canine Familiar     Summ           3%         N/A       63%         3
 Dazzling Flash           Conj/Hex       6%         N/A       63%         3
 Frozen Ramparts          Ice            6%         1d1       63%         3
 Hailstorm                Conj/Ice       3%         3d3       63%         3
 Inner Flame              Hex/Fire       3%         N/A       63%         3
 Mephitic Cloud           Conj/Pois/Air  3%         N/A       63%         3
 Ozocubu's Armour         Ice            3%         N/A       63%         3
 Summon Guardian Golem    Hex/Summ       3%         N/A       63%         3
 Swiftness                Air            3%         N/A       63%         3
 Ice Form                 Ice/Tmut       9%         N/A       77%         4
 Iskenderun's Mystic Bla  Conj/Tloc      9%         2d4       77%         4
 Animate Armour           Summ/Erth      16%        N/A       78%         4
 Leda's Liquefaction      Hex/Erth       4%         N/A       78%         4
 Airstrike                Air            1%         2d(1-17)  95%         4
 Flame Wave               Conj/Fire      3%         2d5       95%         4
 Fulminant Prism          Conj/Hex       1%         3d5       95%         4
 Olgreb's Toxic Radiance  Pois           3%         N/A       95%         4
 Sticky Flame             Conj/Fire      3%         2d3       95%         4
 Yara's Violent Unravell  Hex/Tmut       4%         3d4       98%         5
 Arcjolt                  Conj/Air       1%         1d11      100%        5
 Iskenderun's Battlesphe  Conj           3%         2d6       100%        5
 Metabolic Englaciation   Hex/Ice        1%         N/A       100%        5
 Silence                  Hex/Air        1%         N/A       100%        5
 Iron Shot                Conj/Erth      4%         9d2       100%        6
 Simulacrum               Ice/Necr       1%         N/A       100%        6
 Starburst                Conj/Fire      1%         6d3       100%        6
 Summon Cactus Giant      Summ           1%         N/A       100%        6
 Enfeeble                 Hex            1%         N/A       100%        7
 Malign Gateway           Summ/Tloc      4%         N/A       100%        7
 Orb of Destruction       Conj           1%         9d5       100%        7
 Ozocubu's Refrigeration  Ice            1%         4d7       100%        7
 Spellforged Servitor     Conj/Summ      1%         N/A       100%        7
 Lehudib's Crystal Spear  Conj/Erth      4%         10d3      100%        8
 Maxwell's Capacitive Co  Air            1%         ∞         100%        8
 Summon Horrible Things   Summ           1%         N/A       100%        8


Dungeon Overview and Level Annotations

Branches:
Dungeon (15/15)            Temple (0/1) D:5            Lair (5/5) D:10
  Swamp (0/4) Lair:2        Snake (0/4) Lair:2        Slime (0/5) Lair:5
    Orc (2/2) D:9             Elf (3/3) Orc:2        Vaults (0/5) D:13
 Depths (0/4) D:15        Volcano (visited)         Gauntlet (visited)

Altars:
Ashenzari
Cheibriados
Hepliaklqana
Kikubaaqudgha
Makhleb
Qazlal
Sif Muna
Wu Jian
Yredelemnul
Jiyva

Shops:
D:1 :   D:4 *   D:7 !   Orc:2 ([[(

Annotations:
D:7 exclusion: door
D:14 3 runed translucent doors, Basiut's ghost, journeyman DrBe; Katukhlaq's ghost, journeyman MfFi; Uwobem's ghost, journeyman MiWn
Lair:4 1 runed translucent door, Tuheobro's ghost, journeyman MiFi
Orc:2 2 transporters, PublicAnimeNo1's ghost, journeyman DsAr


Innate Abilities, Weirdness & Mutations

You do not regenerate when monsters are visible.
You are frail without blood (-20% HP).
You can heal yourself when you bite living creatures.
You are immune to poison.
You have razor-sharp teeth.
You have supernaturally acute eyesight. (SInv)
You are afflicted with vampirism and can become a bat while bloodless.


Message History

The deep elf blademaster is severely wounded.
The deep elf death mage looks more healthy.
Something assumes the form of the deep elf death mage and becomes anchored to this world!
The deep elf elementalist completely misses you.
The deep elf blademaster completely misses you.
The deep elf blademaster barely misses you.
The +3 battleaxe of freezing completely misses you.
The deep elf annihilator mumbles some strange words.
The deep elf annihilator blinks!
Unknown command.
Unknown command.
Unknown command.
You spin and attack the deep elf blademaster repeatedly.
You hit the deep elf blademaster.
The deep elf blademaster looks as sick as possible!
The deep elf blademaster is moderately wounded.
You puncture the deep elf blademaster!
The deep elf blademaster is heavily wounded.
You spin and attack the deep elf elementalist repeatedly.
You impale the deep elf elementalist!!
The deep elf elementalist looks as sick as possible!
The deep elf elementalist is moderately wounded.
You impale the deep elf elementalist!!
The deep elf elementalist looks as sick as possible!
You bite the deep elf elementalist!
You draw the deep elf elementalist's blood!
You feel better.
The deep elf elementalist is almost dead.
The Council accepts your kill.
You feel a bit more experienced.
You kill the entropy weaver!
The Council accepts your kill.
The deep elf blademaster completely misses you.
The deep elf blademaster hits you with a +0 rapier!
* * * LOW HITPOINT WARNING * * *
The deep elf elementalist points at you and mumbles some strange words.
The freezing blast misses you.
The deep elf blademaster completely misses you.
The deep elf blademaster hits you with a +0 rapier!
You die...

##..... #......
../.... ##### .......
#..... ............
#......
#........§e.##☼§.....
#......ee☼e##§§§....#
#.....⌠..☼e(e@§☼....#
...e..e..ee§ee§§.....
......☼☼☼ee§ee§E.....
..$..e☼☼☼e4☼e☼.......
...e.§e§☼☼§4§E.......
#§e☼§§ee§.......
#☼☼§☼§§§.e......
##☼§☼☼§§○.e.##...
#..☼☼§§§☼...#


You could see 2 deep elf blademasters, a deep elf annihilator, a deep elf death
mage, a deep elf elementalist (fast, repels missiles, extremely poisoned), an
earth elemental (summoned) and a +3 battleaxe of freezing.

Vanquished Creatures
  A tentacled monstrosity (Abyss:3)
  A deep elf blademaster (Elf:2)
  A kraken (Abyss:3)
  A storm dragon (Elf:1)
  Donald (Orc:2)
  A deep elf sorcerer (Elf:3)
  An orc warlord (Orc:2)
  A deep elf elementalist (Elf:3)
  3 deep elf demonologists
  2 deep elf annihilators (Elf:3)
  A minotaur (Gauntlet)
  A dire elephant (Lair:5)
  Snorg (Orc:2)
  A fire dragon (Lair:5)
  A shambling mangrove (Abyss:3)
  A deep elf high priest (Elf:3)
  An entropy weaver (shapeshifter) (Elf:3)
  Harold (Lair:1)
  A spriggan zombie (D:15)
  6 hydras
  A rakshasa (D:13)
  2 centaur warriors (D:13)
  3 two-headed ogres
  4 catoblepae
  29 dancing weapons
  3 boulder beetles
  4 death yaks
  Urug (Lair:1)
  An orc high priest (Elf:3)
  17 deep elf knights
  8 skeletal warriors
  A skyshark (Lair:4)
  A titan skeleton (D:15)
  A death drake (Gauntlet)
  A storm dragon skeleton (D:15)
  9 deep elf archers
  A phantasmal warrior (D:15)
  2 bog bodies
  A lindwurm (Lair:5)
  5 wizards (Volcano)
  4 orc knights
  14 ugly things
  29 deep elf pyromancers
  30 deep elf zephyrmancers
  A necromancer (D:15)
  2 orc sorcerers (Orc:2)
  10 cyclopes
  3 manticores
  28 elephants
  5 toenail golems (Volcano)
  An apocalypse crab (Gauntlet)
  A fire giant skeleton (D:15)
  8 black mambas
  A gargoyle (D:12)
  9 torpor snails
  13 cane toads
  Maggie (D:9)
  4 centaur skeletons (D:13)
  2 rime drakes
  3 unseen horrors
  3 kobold demonologists
  9 komodo dragons
  An ancient zyme (Abyss:3)
  An efreet (D:15)
  A redback zombie (Gauntlet)
  6 meliai (D:15)
  8 trolls
  23 blink frogs
  A tarantella (Orc:1)
  11 hornets
  16 dream sheep (Lair:5)
  4 tyrant leeches (Lair:5)
  A blink frog (shapeshifter) (Elf:1)
  2 shadows
  14 slime creatures
  2 vampires
  3 air elementals
  2 basilisks (shapeshifter)
  6 wyverns
  3 water elementals
  68 yaks
  2 wraiths
  2 fire elementals
  A golden eye (shapeshifter) (Elf:1)
  13 vampire mosquitoes
  4 basilisks
  A neqoxec (Abyss:3)
  A steam dragon (D:7)
  2 wargs (Orc:2)
  Edmund (D:5)
  A large abomination (Abyss:3)
  2 acid dragons
  2 swamp worms (Lair:2)
  30 water moccasins
  An acid dragon (shapeshifter) (Elf:1)
  2 hell hounds (Lair:5)
  2 ice beasts
  29 orc warriors
  A spectral hornet (Gauntlet)
  4 black bears
  A sky beast (D:8)
  7 ogres
  19 wolves
  7 centaurs
  A wolf (shapeshifter) (Elf:1)
  3 kobold brigands
  Blork the orc (D:5)
  13 bullfrogs
  2 scorpions (D:6)
  2 earth elementals (Elf:1)
  13 killer bees
  5 howler monkeys
  A howler monkey (shapeshifter) (Elf:1)
  An electric eel (Lair:3)
  14 orc priests
  4 hounds
  3 jellies
  Crazy Yiuf (D:5)
  A gnoll bouda (D:6)
  A spectral boggart (Gauntlet)
  A starcursed mass (Abyss:3)
  2 iguanas (D:5)
  A sleepcap (D:4)
  Ijyb (D:5)
  Terence (D:2)
  25 orc wizards
  20 adders
  An adder (shapeshifter) (Elf:1)
  8 gnolls
  A river rat (shapeshifter) (Elf:1)
  A shadow imp (D:7)
  A white imp (D:6)
  An ufetubus (D:7)
  2 worms (D:2)
  A dart slug (D:2)
  73 orcs
  4 endoplasms
  4 giant cockroaches
  16 goblins
  5 hobgoblins
  4 quokkas
  9 ball pythons
  A bat (D:2)
  3 frilled lizards
  11 kobolds
  A rat (D:3)
  A butterfly (D:5)
  A tentacle (Abyss:3)
878 creatures vanquished.

Vanquished Creatures (collateral kills)
  A warg (Orc:1)
  2 orc warriors (Orc:1)
  2 orc priests (Orc:1)
  2 orcs (Orc:2)
  2 goblins (D:4)
  A hobgoblin (D:4)
10 creatures vanquished.

Vanquished Creatures (others)
  A fire elemental (Elf:1)
  A water moccasin (D:8)
  2 orc warriors
  A black bear (D:6)
  A hound (D:6)
  Robin (D:4)
  2 gnolls (D:6)
  2 adders (Lair:1)
  An orc (Elf:3)
  43 fungi
  5 pillars of salt (Elf:1)
  47 plants
  3 tentacles (Abyss:3)
  A withered plant (D:15)
111 creatures vanquished.

Grand Total: 999 creatures vanquished

Notes
Turn   | Place    | Note
-------+----------+-------------------------------------------
     0 | D:1      | Meepo69 the Vampire Brigand began the quest for the Orb.
     0 | D:1      | Reached XP level 1. HP: 16/16 MP: 1/1
   155 | D:1      | Found Heaqaink's Book Boutique.
   322 | D:1      | Reached skill level 6 in Stealth
   366 | D:1      | Found a faded altar of an unknown god.
   780 | D:1      | Reached XP level 2. HP: 17/17 MP: 2/2
   820 | D:2      | Noticed Terence
   822 | D:2      | Killed Terence
   823 | D:2      | Gained mutation: You are afflicted with vampirism and can
                  | become a bat while bloodless. [Vampire growth]
   823 | D:2      | Reached XP level 3. HP: 21/21 MP: 3/3
  1116 | D:2      | Reached XP level 4. HP: 27/27 MP: 4/4
  1791 | D:3      | Found a broken altar of Ashenzari.
  2013 | D:3      | Found a hazy altar of Hepliaklqana.
  2273 | D:4      | Reached skill level 7 in Stealth
  2273 | D:4      | Reached XP level 5. HP: 32/32 MP: 5/5
  2398 | D:4      | Noticed a black bear
  2413 | D:4      | Killed a black bear
  2414 | D:4      | Reached XP level 6. HP: 32/37 MP: 6/6
  2490 | D:4      | Found an ornate altar of the Wu Jian Council.
  2501 | D:4      | Became a worshipper of the Wu Jian Council
  2704 | D:4      | Found Imoneph's General Store.
  2727 | D:4      | Bought a potion of lignification for 33 gold pieces
  2856 | D:4      | Noticed Robin
  2910 | D:4      | Your ally Robin died
  3106 | D:5      | Entered Level 5 of the Dungeon
  3266 | D:5      | Found a runed translucent door.
  3267 | D:5      | Noticed Crazy Yiuf
  3273 | D:5      | Killed Crazy Yiuf
  3327 | D:5      | Found a burning altar of Makhleb.
  3331 | D:5      | Found a staircase to the Ecumenical Temple.
  3410 | D:5      | Noticed Edmund
  3412 | D:5      | Killed Edmund
  3413 | D:5      | Reached skill level 8 in Stealth
  3413 | D:5      | Reached XP level 7. HP: 42/42 MP: 7/7
  3446 | D:5      | Found a shimmering blue altar of Sif Muna.
  3455 | D:5      | Identified the +3 hand axe of Disharmony {heavy, rPois
                  | Int-5 SInv}
  3498 | D:5      | Noticed Ijyb
  3515 | D:5      | Killed Ijyb
  3829 | D:5      | Noticed Blork the orc
  3832 | D:5      | Killed Blork the orc
  3833 | D:5      | Reached skill level 5 in Short Blades
  4047 | D:6      | Reached skill level 9 in Stealth
  4190 | D:6      | Reached * piety under Wu Jian
  4196 | D:6      | Identified the +3 leather armour of Rotten Liberty {Harm
                  | Will- rCorr SInv}
  4260 | D:6      | Reached skill level 5 in Dodging
  4276 | D:6      | Reached XP level 8. HP: 47/48 MP: 8/8
  4553 | D:4      | Bought a +4 ring of protection for 396 gold pieces
  4591 | D:6      | Reached skill level 5 in Fighting
  4665 | D:6      | Found a stormy altar of Qazlal.
  4874 | D:6      | Found a snail-covered altar of Cheibriados.
  5013 | D:6      | Noticed an air elemental
  5134 | D:7      | Found Meakk's Distillery.
  5177 | D:7      | Found a basalt altar of Yredelemnul.
  5351 | D:7      | Reached XP level 9. HP: 55/55 MP: 9/9
  5668 | D:7      | Reached ** piety under Wu Jian
  6984 | D:8      | Got Fusefuen's Monograph on the Voltaic Serac
  7008 | D:9      | Found a staircase to the Orcish Mines.
  7050 | D:9      | Found an ancient bone altar of Kikubaaqudgha.
  7382 | D:9      | Noticed Maggie
  7384 | D:9      | Killed Maggie
  7385 | D:9      | Reached XP level 10. HP: 63/63 MP: 10/10
  8238 | Orc:1    | Entered Level 1 of the Orcish Mines
  8319 | D:10     | Entered Level 10 of the Dungeon
  8386 | D:10     | Reached *** piety under Wu Jian
  8639 | D:10     | Found a staircase to the Lair.
  8853 | D:10     | Reached skill level 10 in Short Blades
  8893 | D:10     | Reached skill level 10 in Dodging
  9212 | Lair:1   | Entered Level 1 of the Lair of Beasts
  9219 | Lair:1   | Noticed Harold
  9360 | Lair:1   | Noticed a cane toad
  9360 | Lair:1   | Noticed a cane toad
  9682 | D:11     | Reached XP level 11. HP: 27/69 MP: 11/11
  9849 | D:11     | Learned a level 2 spell: Blink
  9886 | D:11     | Noticed a two-headed ogre
  9918 | D:10     | Reached skill level 1 in Spellcasting
 10028 | Orc:1    | Noticed an orc knight
 10036 | Orc:1    | Reached skill level 1 in Translocations
 10041 | Orc:1    | an orc knight changed into a tarantella
 10288 | Orc:2    | Entered Level 2 of the Orcish Mines
 10387 | Orc:2    | Noticed Donald
 10506 | D:11     | Killed a two-headed ogre
 11066 | D:1      | Bought a book of Geomancy for 180 gold pieces
 11069 | D:1      | Learned a level 2 spell: Passwall
 11285 | D:11     | Noticed a two-headed ogre
 11287 | D:11     | Killed a two-headed ogre
 11288 | D:11     | Reached skill level 1 in Transmutations
 11303 | D:11     | Reached skill level 1 in Earth Magic
 12231 | D:12     | Noticed a boulder beetle
 12233 | D:12     | Killed a boulder beetle
 12612 | D:12     | Reached XP level 12. HP: 76/76 MP: 18/18
 12889 | D:12     | Reached **** piety under Wu Jian
 12993 | D:12     | Identified the +8 trident "Ygomea Wiow" {vamp, rC+ Int+2}
 13297 | Orc:2    | Found a staircase to the Elven Halls.
 13492 | Elf:1    | Entered Level 1 of the Elven Halls
 13524 | Elf:1    | Noticed a deep elf demonologist
 13926 | Orc:2    | Noticed a two-headed ogre
 13978 | Orc:2    | Killed a two-headed ogre
 14031 | Orc:2    | Found Yjoteor's Weapon Shop.
 14169 | Orc:2    | Reached skill level 1 in Evocations
 14364 | Orc:2    | Found a transporter.
 14368 | Orc:2    | Found a transporter.
 14369 | Orc:2    | Noticed a two-headed ogre
 14369 | Orc:2    | Noticed an orc warlord
 14381 | Orc:2    | Noticed PublicAnimeNo1's ghost (journeyman DsAr)
 14389 | Orc:2    | Noticed Snorg
 14391 | Orc:2    | Killed Snorg
 14416 | Orc:2    | Noticed a two-headed ogre
 14522 | Orc:2    | Killed Donald
 14526 | Orc:2    | Found Cad Caschueh's Antique Armour Boutique.
 14730 | Orc:2    | Reached skill level 5 in Evocations
 14789 | Orc:2    | Reached skill level 10 in Stealth
 14814 | Orc:2    | Noticed an orc warlord
 14823 | Orc:2    | Found Temeazaq's Antique Weapon Shoppe.
 14824 | Orc:2    | Killed an orc warlord
 14825 | Orc:2    | Reached skill level 11 in Stealth
 14843 | Orc:2    | Reached skill level 12 in Stealth
 14845 | Orc:2    | Found Feoblim's Antique Armour Emporium.
 15719 | Lair:1   | Reached XP level 13. HP: 76/77 MP: 19/19
 15757 | Lair:1   | Killed Harold
 15761 | Lair:1   | Noticed Urug
 15769 | Lair:1   | Killed Urug
 17066 | Lair:2   | Found a staircase to the Snake Pit.
 17234 | Lair:2   | Reached skill level 10 in Evocations
 17479 | Lair:2   | Found a staircase to the Swamp.
 17931 | Lair:3   | Reached skill level 10 in Fighting
 17931 | Lair:3   | Reached skill level 13 in Stealth
 18689 | Lair:4   | Reached XP level 14. HP: 75/77 MP: 20/20
 18768 | Lair:4   | Reached ***** piety under Wu Jian
 18950 | Lair:4   | Found a runed translucent door.
 18950 | Lair:4   | Identified the +4 trident of Seoth {protect, rElec rC+}
 18955 | Lair:4   | Noticed Tuheobro's ghost (journeyman MiFi)
 19097 | Lair:4   | Reached skill level 14 in Stealth
 19517 | Lair:5   | Entered Level 5 of the Lair of Beasts
 19575 | Lair:5   | Found a viscous altar of Jiyva.
 19576 | Lair:5   | Found a staircase to the Slime Pits.
 19662 | Lair:5   | Found a dark tunnel.
 19695 | Volcano  | Entered a volcano
 19739 | Volcano  | Reached skill level 15 in Stealth
 19815 | Abyss:2  | Cast into level 2 of the Abyss (a wizard)
 19818 | Abyss:2  | Found a corrupted altar of Lugonu.
 19843 | Abyss:3  | Found a corrupted altar of Lugonu.
 19890 | Abyss:3  | Noticed a cacodemon
 19988 | Abyss:3  | Noticed a tentacled starspawn
 20006 | Abyss:3  | Noticed a kraken
 20027 | Abyss:3  | Killed a kraken
 20033 | Abyss:3  | Noticed a tentacled monstrosity
 20033 | Abyss:3  | Noticed a tentacled monstrosity
 20040 | Abyss:3  | Got an abyssal rune of Zot
 20220 | Abyss:3  | Noticed a tentacled monstrosity
 20222 | Abyss:3  | Killed a tentacled monstrosity
 20249 | Abyss:3  | Noticed a brown very ugly thing
 20255 | Abyss:3  | Found a corrupted altar of Lugonu.
 20259 | Volcano  | Escaped the Abyss
 20317 | Volcano  | Identified the ring "Unedub" {Int+6 Dex+3}
 20498 | Lair:5   | Reached XP level 15. HP: 65/67 MP: 21/21
 20838 | Lair:5   | Reached skill level 16 in Stealth
 21016 | Lair:5   | Found a runed translucent door.
 21780 | D:13     | Reached skill level 17 in Stealth
 22632 | D:13     | Found a gate to the Vaults.
 23284 | D:14     | Found a runed translucent gate.
 23284 | D:14     | Found a runed translucent gate.
 23284 | D:14     | Found a runed translucent gate.
 23311 | D:14     | Noticed Katukhlaq's ghost (journeyman MfFi)
 23311 | D:14     | Noticed Uwobem's ghost (journeyman MiWn)
 23311 | D:14     | Noticed Basiut's ghost (journeyman DrBe)
 23569 | D:15     | Entered Level 15 of the Dungeon
 23698 | D:15     | Reached XP level 16. HP: 95/96 MP: 22/22
 23707 | D:15     | Reached skill level 18 in Stealth
 23721 | D:15     | Found a staircase to the Depths.
 23744 | D:15     | Found a gate leading to a gauntlet.
 23773 | Gauntlet | Entered a Gauntlet
 23773 | Gauntlet | Found a transporter.
 23773 | Gauntlet | Found a transporter.
 23773 | Gauntlet | Found a transporter.
 23777 | Gauntlet | Found a transporter.
 23778 | Gauntlet | Found a transporter.
 23787 | Gauntlet | Found a transporter.
 23791 | Gauntlet | Found a large runed translucent door.
 23791 | Gauntlet | Found a large runed translucent door.
 23792 | Gauntlet | Found a large runed translucent door.
 23792 | Gauntlet | Found a large runed translucent door.
 23793 | Gauntlet | Found a large runed translucent door.
 23793 | Gauntlet | Found a large runed translucent door.
 23793 | Gauntlet | Found a large runed translucent door.
 23793 | Gauntlet | Found a large runed translucent door.
 23794 | Gauntlet | Found a runed translucent door.
 23794 | Gauntlet | Found a runed translucent gate.
 23795 | Gauntlet | Found a transporter.
 23795 | Gauntlet | Found a runed translucent gate.
 23796 | Gauntlet | Found a runed translucent door.
 23796 | Gauntlet | Found a runed translucent gate.
 23797 | Gauntlet | Found a large runed translucent door.
 23797 | Gauntlet | Found a large runed translucent door.
 23797 | Gauntlet | Found a large runed translucent door.
 23797 | Gauntlet | Found a large runed translucent door.
 23814 | Gauntlet | Found a transporter.
 23822 | Gauntlet | Found a transporter.
 23880 | Gauntlet | Found a transporter.
 23890 | Gauntlet | Found a transporter.
 23910 | Gauntlet | Found a large runed translucent door.
 23910 | Gauntlet | Found a large runed translucent door.
 23913 | Gauntlet | Found a large runed translucent door.
 23913 | Gauntlet | Found a large runed translucent door.
 23916 | Gauntlet | Found a transporter.
 24093 | Gauntlet | Identified the +0 pair of boots of Insecurity {rF+ rC+}
 24175 | Gauntlet | Identified the +3 pair of boots of Circular Logic {*Corrode
                  | rC+ Will+ Str+2}
 24278 | D:15     | Reached skill level 15 in Short Blades
 24428 | D:15     | Reached skill level 15 in Dodging
 25090 | Elf:1    | Noticed a storm dragon
 25095 | Elf:1    | Killed a storm dragon
 25095 | Elf:1    | Paralysed by an air elemental for 1 turns
 25434 | Elf:1    | Reached skill level 19 in Stealth
 25642 | Elf:1    | Reached ****** piety under Wu Jian
 26052 | Elf:2    | Found a runed translucent gate.
 26063 | Elf:2    | Found a runed translucent gate.
 26064 | Elf:2    | Found a runed translucent gate.
 26309 | Elf:2    | Reached XP level 17. HP: 109/109 MP: 23/23
 26530 | Elf:2    | Noticed a deep elf blademaster
 26547 | Elf:2    | Killed a deep elf blademaster
 26547 | Elf:2    | Reached skill level 20 in Stealth
 27297 | Elf:3    | Entered Level 3 of the Elven Halls
 27306 | Elf:3    | Paralysed by an air elemental for 1 turns
 27700 | Elf:3    | Noticed a deep elf blademaster
 27701 | Elf:3    | Noticed a deep elf blademaster
 27704 | Elf:3    | Noticed a deep elf master archer
 27706 | Elf:3    | Noticed a deep elf master archer
 27710 | Elf:3    | Slain by a deep elf blademaster

Illustrated notes

Levels and vault maps discovered:
D:1:      dpeg_arrival_snail, layout_loops_ring, shapermc_ecumenical_altar_gd,
          serial_shops, nicolae_shop_stone
D:2:      layout_rooms, chequers_serial_rivers_large_b, minmay_hexomino_c4,
          uniq_terence
D:3:      layout_basic, evilmike_ruin_ashenzari, mainiacjoe_overflow_brackets
D:4:      layout_rooms, kennysheep_mini, nicolae_stop_n_shop_2,
          dreamdust_mushroom_princess, uniq_robin
D:5:      layout_rooms, mainiacjoe_overflow_concentric_impassable,
          mainiacjoe_overflow_surrounded_room, minmay_temple_entry_butterflies,
          uniq_blork_the_orc, uniq_ijyb, uniq_edmund, uniq_crazy_yiuf_cottage
D:6:      layout_basic, nicolae_qazlal_style_of_elements,
          mainiacjoe_overflow_alcove_2, minmay_misc_feat_doors
D:7:      layout_gridville, mainiacjoe_overflow_divided_tiny, serial_shops, shop
D:8:      layout_loops_ring, lemuel_tele_altar
D:9:      layout_long_grid, kiku_gazebo_pond_becter, david_orc_3, uniq_maggie
D:10:     layout_gridville, david_lair_shrubbed
D:11:     layout_cave_pools
D:12:     layout_roguey
D:13:     layout_big_octagon, hangedman_vaults_entry_quadrant_bands
D:14:     layout_long_grid, gammafunk_ghost_cemetery, serial_bayou_pond_a
D:15:     gammafunk_depths_entry_grave, layout_long_grid,
          grunt_decor_one_mirror, gauntlet_entry_generic
Lair:1:   lemuel_reptile_caves, layout_regular_city, beast_lair_carwin_5,
          uniq_urug, uniq_harold
Lair:2:   layout_layer_cave, nicolae_swamp_entry_splash_gauntlet,
          minmay_snake_entry_six_corridors, serial_rivers,
          chequers_serial_rivers_large_a, chequers_serial_rivers_marsh,
          chequers_serial_rivers_micro_c, chequers_serial_rivers_room_b
Lair:3:   layout_chaotic_city, nicolae_lair_grove_arrangements,
          nicolae_quartered_pool_super, grunt_megastairs_1,
          infiniplex_staircase_pool
Lair:4:   layout_roguey, ebering_ghost_funeral_grove, beast_lair_carwin_4
Lair:5:   wormcave, layout_small_grid, hangedman_lair_in_review, slime_entry_1,
          enter_volcano_3, lemuel_old_faithful
Orc:1:    layout_diamond_mine
Orc:2:    grunt_orc_community_town_hall, layout_caves,
          grunt_orc_community_big_house_1, grunt_orc_community_big_house_1,
          grunt_orc_community_house_3, grunt_orc_community_house_1,
          grunt_orc_community_house_1, grunt_orc_community_house_2,
          grunt_orc_community_house_3, gammafunk_ghost_wrathful_warriors,
          uniq_donald, uniq_snorg
Elf:1:    minmay_shoctagon, layout_gridlike, serial_shops, bzr_entry_water,
          portal_desolation_entry_garden, hangedman_elven_crosses_minicolossus,
          nicolae_elf_shapeshifter_party
Elf:2:    elven_hall_of_blades_hangedman_original
          [nicolae_blade_entry_diamond_columns], layout_geoelf_diagonals
Elf:3:    elf_hall, layout_geoelf_grid

Skill      XL: |  1  2  3  4  5  6  7  8  9 10 11 12 13 14 15 16 17 |
---------------+----------------------------------------------------+-----
Stealth        | 6 7 8 9 12 13 15 17 19 20 | 20.9
Fighting       | 2 3 4 5 7 8 9 10 11 12 13 14 | 14.2
Dodging        | 2 3 4 5 6 8 10 11 13 14 15 16 | 16.7
Short Blades   | 3 4 5 7 9 10 11 13 14 16 | 16.7
Spellcasting   | 4 |  4.4
Translocations | 4 |  4.0
Transmutations | 3 4 |  4.0
Earth Magic    | 2 3 |  3.6
Evocations     | 5 10 | 10.5
Throwing       | |  1.5

Action                     |  1- 3 |  4- 6 |  7- 9 | 10-12 | 13-15 | 16-18 || total
---------------------------+-------+-------+-------+-------+-------+-------++-------
  Melee: Dagger            |    49 |   196 |   224 |  1177 |  1332 |       ||  2978
         Bite              |     4 |    26 |    24 |   214 |   215 |    94 ||   577
         Punch             |     1 |     5 |     8 |    20 |    24 |    13 ||    71
         Rapier            |       |       |       |       |   109 |   656 ||   765
  Throw: Dart              |     9 |    13 |    41 |    65 |     9 |       ||   137
         Boomerang         |       |       |       |       |       |     7 ||     7
   Cast: Passwall          |       |       |       |       |     5 |       ||     5
         Blink             |       |       |       |       |     2 |       ||     2
 Invoke: Serpent's Lash    |       |       |       |    15 |    28 |    15 ||    58
         Heavenly Storm    |       |       |       |       |       |     1 ||     1
Ability: Exsanguinate      |     1 |       |       |       |       |       ||     1
         Lunge             |       |     7 |    46 |   101 |   163 |    81 ||   398
         Wall Jump         |       |       |     1 |    26 |    18 |    12 ||    57
         Whirlwind         |       |       |       |    96 |   274 |   172 ||   542
         Evoke Invisibilit |       |       |       |     5 |    25 |    12 ||    42
         Revivify          |       |       |       |       |     1 |       ||     1
  Evoke: Wand              |       |     2 |    24 |    11 |       |       ||    37
    Use: Potion            |       |     4 |       |     1 |     3 |     1 ||     9
         Scroll            |       |       |     7 |    13 |    17 |     6 ||    43
   Stab: Sleeping          |     8 |    17 |    36 |    43 |   124 |    38 ||   266
         Invisible         |       |       |       |    34 |   157 |    79 ||   270
         Distracted        |       |       |       |     3 |     4 |     5 ||    12
 Armour: Robe              |     3 |    21 |    10 |       |       |       ||    34
         Acid dragon scale |       |       |    10 |   118 |   137 |    43 ||   308
  Dodge: Dodged            |    43 |   142 |   121 |   536 |   718 |   257 ||  1817

Table legend: (Time is in decaauts)
 A = Elapsed time spent in this place.
 B = Non-inter-level travel time spent in this place.
 C = Inter-level travel time spent in this place.
 D = Time resting spent in this place.
 E = Time spent auto-exploring this place.
 F = Levels seen in this place.
 G = Mean time per level.
                   A        B        C        D        E       F      G
               +--------+--------+--------+--------+--------+-----+--------+
         Total |  26941 |  24997 |   1944 |   4201 |  10752 |  29 |  929.0 |
       Dungeon |  15281 |  13763 |   1518 |   2257 |   7118 |  15 | 1018.7 |
          Lair |   5474 |   5225 |    249 |    649 |   2423 |   5 | 1094.8 |
  Orcish Mines |   2647 |   2567 |     80 |    531 |    487 |   2 | 1323.5 |
   Elven Halls |   2396 |   2300 |     96 |    537 |    724 |   3 |  798.7 |
         Abyss |    410 |    410 |      0 |    152 |      0 |   2 |  205.0 |
       Volcano |    269 |    269 |      0 |     35 |      0 |   1 |  269.0 |
      Gauntlet |    462 |    462 |      0 |     39 |      0 |   1 |  462.0 |
               +--------+--------+--------+--------+--------+-----+--------+

Top non-repeatable levels by time:
   Orc:2: 2119 daAuts
     D:9: 1526 daAuts
    D:12: 1450 daAuts
   Elf:2: 1419 daAuts
  Lair:1: 1378 daAuts
  Lair:5: 1267 daAuts
    D:10: 1177 daAuts
  Lair:2: 1145 daAuts
    D:11: 1071 daAuts
     D:8: 1069 daAuts
     D:6: 1022 daAuts
    D:13: 985 daAuts
     D:7: 979 daAuts
     D:5: 911 daAuts
    D:15: 895 daAuts
